Description

just serral

Replay - HeroMarine v Serral: Game 1 - Redshift LE

Build Order

Get SALT Encoding   

  12  0:00  Drone  
  13  0:12  Overlord  
  13  0:16  Drone  
  14  0:30  Drone x2  
  16  0:47  Hatchery  
  15  0:50  Drone x2  
  17  0:57  Drone  
  18  1:08  Extractor  
  17  1:12  Spawning Pool  
  17  1:15  Drone x2  
  18  1:28  Drone  
  19  1:38  Overlord  
  20  1:59  Queen x2  
  20  2:00  Zergling x4  
  28  2:16  Metabolic Boost  
  30  2:35  Hatchery  
  29  2:48  Queen, Overlord  
  41  3:15  Overlord  
  41  3:20  Zergling x2  
  41  3:23  Queen  
  44  3:34  Overlord  
  44  3:40  Roach Warren  
  45  3:45  Zergling x2  
  54  4:03  Zergling x2  
  54  4:09  Queen  
  55  4:12  Extractor  
  56  4:21  Roach x5  
  66  4:28  Roach x2  
  75  4:39  Lair  
  75  4:42  Spore Crawler  
  80  4:54  Extractor  
  80  4:56  Zergling x6  
  82  5:06  Evolution Chamber x2  
  92  5:33  Zerg Missile Weapons Level 1, Zerg Ground Armor Level 1  
  94  5:35  Extractor x2  
  97  5:45  Glial Reconstitution  
  97  5:47  Extractor  
  102  6:05  Hatchery  
  101  6:13  Baneling Nest, Zergling x4  
  106  6:23  Roach x3  
  127  6:45  Infestation Pit  
  141  7:05  Ravager x4  
  141  7:07  Centrifical Hooks  
  144  7:09  Burrow  
  149  7:15  Tunneling Claws  
  152  7:29  Queen  
  161  7:38  Ravager x3  
  164  7:47  Zerg Ground Armor Level 2  
  174  7:55  Zerg Melee Weapons Level 1  
  175  8:08  Hive  
  177  8:33  Ravager x2  
  181  8:37  Hatchery  
  181  8:40  Baneling x8  
  176  9:29  Queen  
  168  9:47  Adrenal Glands  
  168  9:49  Viper x3, Ultralisk Cavern  
  168  9:52  Baneling x2  
Spawning Tool Build Advisor. Get it on Overwolf

Go to:

Details

  • Created by: GoBelz
  • Published on: Nov 12, 2018
  • Modified on: Nov 12, 2018
  • Patch: 4.0.0
Show
View Real Time Build Order
Export as new Build Order

Comments (0)

There are no comments. Be the first!

Create an account to comment!